 Dungeon Crawl Stone Soup version 0.26-a0-771-g060e6a62af (webtiles) character file.

Game seed: 8426645062864927179

3717 mhtbhm the Basher (level 9, -4/72 HPs)
             Began as a Minotaur Berserker on Nov 8, 2020.
             Was an Elder of Trog.
             Slain by a hornet (11 damage)
             ... on level 7 of the Dungeon.
             The game lasted 00:13:36 (8107 turns).

mhtbhm the Basher (Minotaur Berserker)              Turns: 8107, Time: 00:13:38

Health: -4/72      AC: 16    Str: 33    XL:     9   Next: 92%
Magic:  8/8        EV: 13    Int:  4    God:    Trog [****..]
Gold:   245        SH:  3    Dex: 10    Spells: 8/8 levels left

rFire    . . .     SeeInvis .   a - +4 flail (protect)
rCold    + . .     Faith    .   x - +0 buckler
rNeg     + . .     Spirit   .   b - +0 animal skin
rPois    .         Reflect  .   w - +2 hat {MR+}
rElec    .         Harm     .   (no cloak)
rCorr    .         Rampage  .   u - +2 pair of gloves
MR       +....                  y - +1 pair of boots
Stlth    +.........             (no amulet)
HPRegen  0.22/turn              j - +6 ring of strength
MPRegen  0.11/turn              l - ring of positive energy

@: lethally poisoned (-4 -> -42), protection aura, slowed, very slow
A: retaliatory headbutt, horns 2, cold resistance 1, frail 1, strong 1,
MP-powered wands
a: Berserk, Trog's Hand, Brothers in Arms, Renounce Religion


You were on level 7 of the Dungeon.
You worshipped Trog.
Trog was greatly pleased with you.
You visited 1 branch of the dungeon, and saw 7 of its levels.
You also visited: Sewer.

You collected 476 gold pieces.
You spent 231 gold pieces at shops.

Inventory:

Hand Weapons
 a - a +4 flail of protection (weapon)
Armour
 b - a +0 animal skin (worn)
 u - a +2 pair of gloves (worn)
 w - a +2 hat of magic resistance (worn)
 x - a +0 buckler (worn)
 y - a +1 pair of boots (worn)
Jewellery
 d - an uncursed ring of ice
 j - a +6 ring of strength (left hand)
 l - a ring of positive energy (right hand)
 r - a cursed ring of teleportation {unknown}
Wands
 n - a wand of disintegration (31)
 o - a wand of acid (9)
Scrolls
 e - 3 scrolls of remove curse
 f - 2 scrolls of blinking
 m - a scroll of teleportation
 p - 2 scrolls of magic mapping
 q - a scroll of enchant weapon {unknown}
 t - a scroll of immolation
 v - 4 scrolls of identify
Potions
 c - 2 potions of curing
 g - a potion of haste {unknown}
 h - 5 potions of lignification
 i - 3 potions of resistance
 k - 4 potions of flight
 s - a potion of brilliance {unknown}


   Skills:
 + Level 8.0 Fighting
   Level 4.5(10.0) Axes
 * Level 13.5(13.7) Maces & Flails
 + Level 3.0 Armour
 + Level 5.0 Dodging
 - Level 0.1 Stealth
 + Level 1.2 Shields


You had 8 spell levels left.
You didn't know any spells.
Your spell library was empty.

Dungeon Overview and Level Annotations

Branches:
Dungeon (7/15)             Temple (0/1) D:5           Sewer (visited)

Altars:
Fedhas
Makhleb
Nemelex Xobeh
Okawaru
Qazlal
Wu Jian
Yredelemnul

Shops:
D:6 [

Annotations:
D:7 3 runed translucent doors, zarzak's ghost, novice OpFi


Innate Abilities, Weirdness & Mutations

You reflexively headbutt those who attack you in melee.
You have a pair of horns on your head.
Your flesh is cold resistant. (rC+)
You are frail. (-10% HP)
Your muscles are strong. (Str +2)
You expend magic power (3 MP) to strengthen your wands.


Message History

You closely miss the hornet.
The hornet is severely wounded.
* * * LOW HITPOINT WARNING * * *
You feel very sick. The hornet stings you.
* * * LOW HITPOINT WARNING * * *
You are more poisoned.
You suddenly lose the ability to move!
The hornet stings you but does no damage.
* * * LOW HITPOINT WARNING * * *
You feel very sick.
The hornet stings you but does no damage.
You can move again.
You hit the hornet.
Your weapon exudes an aura of protection.
The hornet is almost dead.
* * * LOW HITPOINT WARNING * * *
You feel very sick. The hornet stings you!
You die...

.......#......#..# #..#....
##.###.#.#.#..#..# Y..Z #Z.##.#.
#.###.#)#.#..##..###...... #.##
##.##..........#.....YZ.. ##.#
...##..#.#...#.# ...#### ###..##
.......#.#...#..#####..####.....#
##.##+##.#...##.............#.###
#.....#.#...##..###.#....###.##
#.............y@................
#..............?....#.#.####.##.
#†....####...#..###.#.#.# #.#
#.....# ..............#.# #.#
#.....# ....##........... .#
#.....# ... #..###.####.# #.....#
.. #... ..# .# #.....# . #..##..#
.# ##....# #..##..# .#


You could see a hornet.

Vanquished Creatures
  A two-headed ogre (D:6)
  Pikel (D:5)
  4 yaks (D:7)
  2 water moccasins
  An orc warrior (D:7)
  2 necrophages (D:5)
  A phantom (D:5)
  An ice beast (D:6)
  A centaur (D:7)
  2 ogres
  A big kobold (D:7)
  A lemure (D:5)
  A wyvern zombie (D:7)
  2 scorpions
  A howler monkey (D:4)
  A bullfrog zombie (D:6)
  A hound (D:4)
  3 jellies (D:5)
  2 orc priests
  2 orc wizards
  A centaur skeleton (D:4)
  Terence (D:2)
  An iguana (D:7)
  Natasha (thrice) (D:2)
  7 worker ants
  A howler monkey zombie (D:4)
  4 gnolls (D:3)
  8 adders
  2 shadow imps
  A white imp (D:7)
  2 ufetubi
  An ooze (D:1)
  2 adder zombies
  3 adder skeletons
  7 worms
  5 dart slugs
  3 leopard geckos
  13 orcs
  5 bats
  5 giant cockroaches
  6 goblins
  2 hobgoblins
  9 jackals
  4 quokkas
  A ball python (D:6)
  3 frilled lizards
  10 kobolds
  A quokka zombie (D:6)
  12 rats
154 creatures vanquished.

Notes
Turn   | Place    | Note
-------+----------+-------------------------------------------
     0 | D:1      | mhtbhm the Minotaur Berserker began the quest for the Orb.
     0 | D:1      | Reached XP level 1. HP: 19/19 MP: 0/0
   305 | D:1      | Reached XP level 2. HP: 27/27 MP: 1/1
  1220 | D:2      | Noticed Terence
  1232 | D:2      | HP: 2/40 [Terence/+4 flail of protection (4)]
  1234 | D:2      | Killed Terence
  1234 | D:2      | Reached XP level 3. HP: 3/33 MP: 2/2
  1652 | D:2      | Found an iron altar of Okawaru.
  1840 | D:2      | Noticed Natasha
  1843 | D:2      | Killed Natasha
  1843 | D:2      | Reached skill level 1 in Maces & Flails
  1843 | D:2      | Reached XP level 4. HP: 41/41 MP: 3/3
  1940 | D:2      | Noticed Natasha
  1949 | D:2      | Killed Natasha
  2257 | D:2      | Noticed Natasha
  2260 | D:2      | Killed Natasha
  2260 | D:2      | Reached skill level 5 in Fighting
  2260 | D:2      | Reached skill level 2 in Maces & Flails
  2260 | D:2      | Reached XP level 5. HP: 42/48 MP: 4/4
  2648 | D:3      | Reached skill level 3 in Maces & Flails
  2659 | D:3      | Reached ** piety under Trog
  2751 | D:3      | Found a glowing drain.
  2818 | D:3      | Found a faded altar of an unknown god.
  3049 | D:3      | Reached skill level 4 in Maces & Flails
  3053 | D:3      | Reached XP level 6. HP: 56/56 MP: 5/5
  3098 | D:3      | Found a basalt altar of Yredelemnul.
  3675 | D:4      | Reached skill level 5 in Maces & Flails
  3960 | D:4      | Found a burning altar of Makhleb.
  3965 | D:4      | Reached skill level 6 in Maces & Flails
  4009 | D:4      | Reached XP level 7. HP: 57/62 MP: 6/6
  4310 | D:4      | Reached skill level 7 in Maces & Flails
  4357 | D:4      | Gained mutation: You are weak. (Str -2) [potion of
                  | mutation]
  4357 | D:4      | Gained mutation: Your spells are a little easier to cast,
                  | but a little less powerful. [potion of mutation]
  4357 | D:4      | Gained mutation: You have a pair of large horns on your
                  | head. [potion of mutation]
  4357 | D:4      | Lost mutation: You are weak. (Str -2) [potion of mutation]
  4642 | D:5      | Entered Level 5 of the Dungeon
  4649 | D:5      | Found a blossoming altar of Fedhas.
  4763 | D:5      | Reached skill level 8 in Maces & Flails
  4850 | D:5      | Found a staircase to the Ecumenical Temple.
  4906 | D:5      | Noticed Pikel
  4917 | D:5      | Killed Pikel
  4917 | D:5      | Reached *** piety under Trog
  4917 | D:5      | Reached skill level 9 in Maces & Flails
  4917 | D:5      | Reached XP level 8. HP: 36/69 MP: 7/7
  5147 | D:5      | Reached skill level 10 in Maces & Flails
  5835 | D:6      | Found a stormy altar of Qazlal.
  5835 | D:6      | Found an ornate altar of the Wu Jian Council.
  5889 | D:6      | Found Gymiutuph's Armour Emporium.
  5903 | D:6      | Found a glowing drain.
  5980 | Sewer    | Entered a sewer
  6039 | Sewer    | Reached skill level 11 in Maces & Flails
  6200 | Sewer    | Lost mutation: You have a pair of large horns on your head.
                  | [potion of mutation]
  6200 | Sewer    | Lost mutation: Your spells are a little easier to cast, but
                  | a little less powerful. [potion of mutation]
  6200 | Sewer    | Gained mutation: You are frail. (-10% HP) [potion of
                  | mutation]
  6200 | Sewer    | Gained mutation: Your muscles are strong. (Str +2) [potion
                  | of mutation]
  6200 | Sewer    | Gained mutation: You expend magic power (3 MP) to
                  | strengthen your wands. [potion of mutation]
  6200 | Sewer    | Gained mutation: Your flesh is cold resistant. (rC+)
                  | [potion of mutation]
  6237 | D:6      | Bought a +2 hat of magic resistance for 231 gold pieces
  6324 | D:6      | Noticed a two-headed ogre
  6585 | D:6      | Killed a two-headed ogre
  6585 | D:6      | Reached skill level 12 in Maces & Flails
  6585 | D:6      | Reached XP level 9. HP: 12/71 MP: 8/8
  7460 | D:7      | Found a sparkling altar of Nemelex Xobeh.
  7489 | D:7      | Reached **** piety under Trog
  7643 | D:7      | Reached skill level 13 in Maces & Flails
  7846 | D:7      | Found a runed translucent gate.
  7846 | D:7      | Found a runed translucent gate.
  7846 | D:7      | Found a runed translucent gate.
  7879 | D:7      | Reached skill level 1 in Shields
  7923 | D:7      | Reached skill level 5 in Dodging
  8089 | D:7      | Noticed zarzak's ghost (novice OpFi)
  8102 | D:7      | Paralysed by a hornet for 1 turns
  8105 | D:7      | Paralysed by a hornet for 2 turns
  8107 | D:7      | Slain by a hornet

Illustrated notes

Levels and vault maps discovered:
D:1:      mrwooster_arrival_statue_3, layout_basic, minmay_tetromino_t2
D:2:      layout_loops_cross, old_standard_altar, uniq_terence, uniq_natasha
D:3:      layout_basic, yredelemnul_altar_generic,
          chequers_ecumenical_altar_simple, portal_sewer_entry_d
D:4:      layout_loops_corners, makhleb_blood_cavern_becter, minivault_19
D:5:      layout_gridville, minmay_temple_entry_overgrown, fedhas_altar_2,
          uniq_pikel
D:6:      layout_basic, gammafunk_temple_overflow_elements,
          portal_sewer_entry_b, serial_shops, shop_fountains,
          serial_corexii_hall, corexii_hall_statues_x,
          chequers_hall_statues_corner_a, corexii_hall_statues_x,
          chequers_hall_statues_wall_a, corexii_hall_statues_s,
          chequers_hall_statues_corner_a
D:7:      layout_basic, lemuel_crystal_altar, gammafunk_ghost_icy

Skill      XL: |  1  2  3  4  5  6  7  8  9 |
---------------+----------------------------+-----
Axes           | 4 |  4.5
Fighting       | 4 5 6 7 8 |  8.0
Maces & Flails | 1 2 4 6 9 12 13 | 13.5
Armour         | 3 |  3.0
Dodging        | 3 4 5 |  5.0
Shields        | 1 |  1.2
Stealth        | |  0.1

Action                   |  1- 3 |  4- 6 |  7- 9 || total
-------------------------+-------+-------+-------++-------
Melee: Hand axe          |    45 |       |       ||    45
       Headbutt          |     8 |    13 |    42 ||    63
       Flail             |    11 |    83 |   203 ||   297
Invok: Berserk           |     1 |     1 |     2 ||     4
  Use: Scroll            |       |     6 |     7 ||    13
       Potion            |       |       |     4 ||     4
 Stab: Sleeping          |     1 |       |       ||     1
Armor: Animal skin       |     6 |    23 |    48 ||    77
Dodge: Dodged            |    28 |    58 |   107 ||   193
Block: Buckler           |       |       |     9 ||     9

Table legend: (Time is in decaauts)
 A = Elapsed time spent in this place.
 B = Non-inter-level travel time spent in this place.
 C = Inter-level travel time spent in this place.
 D = Time resting spent in this place.
 E = Time spent auto-exploring this place.
 F = Levels seen in this place.
 G = Mean time per level.
                   A        B        C        D        E       F      G
               +--------+--------+--------+--------+--------+-----+--------+
         Total |   8156 |   7933 |    223 |   1252 |   5264 |   8 | 1019.5 |
       Dungeon |   7910 |   7687 |    223 |   1252 |   5112 |   7 | 1130.0 |
         Sewer |    245 |    245 |      0 |      0 |    152 |   1 |  245.0 |
               +--------+--------+--------+--------+--------+-----+--------+

Top non-repeatable levels by time:
     D:2: 1378 daAuts
     D:7: 1223 daAuts
     D:4: 1196 daAuts
     D:1: 1190 daAuts
     D:5: 1120 daAuts
     D:3: 920 daAuts
     D:6: 881 daAuts
   Sewer: 245 daAuts
